3AAA
VERMONT LAKE MONSTERS @ AUGUSTA TIMBER HAWKS
08/28/2021
 
TOP OF THE 1ST
Vermont Lake Monsters batting - Pitching for Augusta Timber Hawks : RHP Jimmy Whittier
Pitching: RHP Jimmy Whittier
Batting: RHB Tomás Gonzáles 0-0: Ball
1-0: Ball
2-0: Ball
3-0: Called Strike
3-1: Base on Balls
Batting: SHB Carlos Rodríguez 0-0: Foul Ball, location: 2F
0-1: Fly out, F8 (Flyball, 8LM)
Batting: RHB Fred Meyer 0-0: Called Strike
0-1: Ball
1-1: Ball
2-1: Ground out 5-3 (Groundball, 5S)
Tomás Gonzáles to second
Batting: RHB Dale Carney 0-0: Called Strike
0-1: Foul Ball, location: 2F
0-2: Fly out, F8 (Flyball, 8LD)
Top of the 1st over - 0 run(s), 0 hit(s), 0 error(s), 1 left on base; Vermont 0 - Augusta 0
BOTTOM OF THE 1ST
Augusta Timber Hawks batting - Pitching for Vermont Lake Monsters : RHP Fernando Ruíz
Pitching: RHP Fernando Ruíz
Batting: LHB Eugene Lawrence 0-0: Ball
1-0: Ball
2-0: Foul Ball, location: 2F
2-1: Ball
3-1: Base on Balls
Batting: RHB Bob Sargent 0-0: Ball
1-0: Called Strike
1-1: Foul Ball, location: 2F
1-2: Foul Ball, location: 2F
1-2: Ball
2-2: DOUBLE (Line Drive, 7LS)
Eugene Lawrence to third
Batting: LHB Alberto Torres 0-0: Ball
1-0: Fly out, F9 (Flyball, 89M)
Runner from 3rd tags up, SCORES, no throw
Batting: RHB Tracy Parker 0-0: Ball
1-0: Foul Ball, location: 2F
1-1: Fly out, F8 (Flyball, 8LS)
Batting: RHB Thomas Vaughan 0-0: Called Strike
0-1: Foul Ball, location: 2F
0-2: Ball
1-2: Fly out, F7 (Flyball, 7D)
Bottom of the 1st over - 1 run(s), 1 hit(s), 0 error(s), 1 left on base; Vermont 0 - Augusta 1
TOP OF THE 2ND
Vermont Lake Monsters batting - Pitching for Augusta Timber Hawks : RHP Jimmy Whittier
Batting: RHB Jason Ruffin 0-0: Ball
1-0: Called Strike
1-1: Ball
2-1: Swinging Strike
2-2: Ball
3-2: Foul Ball, location: 2F
3-2: Foul Ball, location: 2F
3-2: Base on Balls
Batting: RHB Carlos Padilla 0-0: SINGLE (Line Drive, 8LS)
Jason Ruffin to second
Batting: LHB Dave Burns 0-0: Ball
1-0: SINGLE (Groundball, 3D)
Jason Ruffin to third
Carlos Padilla to second
Batting: RHB John Howell 0-0: Called Strike
0-1: Ball
1-1: Ball
2-1: Ground out 4-3 (Groundball, 13)
Jason Ruffin scores
Carlos Padilla to third
Dave Burns to second
Batting: RHB Pat Ings 0-0: DOUBLE (Flyball, 7D)
Carlos Padilla scores
Dave Burns scores
Batting: RHB Tomás Gonzáles 0-0: Foul Ball, location: 2F
0-1: Fly out, F8 (Flyball, 8RM)
Batting: SHB Carlos Rodríguez 0-0: Ground out 4-3 (Groundball, 4)
Top of the 2nd over - 3 run(s), 3 hit(s), 0 error(s), 1 left on base; Vermont 3 - Augusta 1
BOTTOM OF THE 2ND
Augusta Timber Hawks batting - Pitching for Vermont Lake Monsters : RHP Fernando Ruíz
Batting: RHB Hiwahikeiki Noelani 0-0: Ball
1-0: Ball
2-0: Ball
3-0: Called Strike
3-1: Base on Balls
Batting: RHB Michael Taylor 0-0: Ball
Hiwahikeiki Noelani is caught stealing 2nd base
1-0: Foul Ball, location: 2F
1-1: Ball
2-1: Ground out 5-3 (Groundball, 56S)
Batting: RHB Claudio Mendoza 0-0: Called Strike
0-1: Called Strike
0-2: Ball
1-2: Strikes out swinging
Bottom of the 2nd over - 0 run(s), 0 hit(s), 0 error(s), 0 left on base; Vermont 3 - Augusta 1
TOP OF THE 3RD
Vermont Lake Monsters batting - Pitching for Augusta Timber Hawks : RHP Jimmy Whittier
Batting: RHB Fred Meyer 0-0: Called Strike
0-1: SINGLE (Line Drive, 89S)
Batting: RHB Dale Carney 0-0: Ball
1-0: Ball
2-0: Called Strike
2-1: SINGLE (Line Drive, 8RS)
Fred Meyer to second
Batting: RHB Jason Ruffin 0-0: Called Strike
0-1: Swinging Strike
0-2: Foul Ball, location: 2F
0-2: Fly out, F3 (Popup, 3SF)
Batting: RHB Carlos Padilla 0-0: SINGLE (Line Drive, 4D)
Fred Meyer to third
Dale Carney to second
Runner from 3rd tries for Home, SAFE, no throw or cutoff
Batting: LHB Dave Burns 0-0: Ball
1-0: Called Strike
1-1: Ball
2-1: Ball
3-1: Base on Balls
Dale Carney to third
Carlos Padilla to second
Batting: RHB John Howell 0-0: Ball
1-0: Ball
Passed Ball!
Dale Carney scores
Carlos Padilla to third
Dave Burns to second
2-0: Ball
3-0: Base on Balls
Batting: RHB Pat Ings 0-0: Fly out, F8 (Line Drive, 8RM)
Runner from 3rd tags up, SCORES, throw made
Batting: RHB Tomás Gonzáles 0-0: Called Strike
0-1: Ball
1-1: Foul Ball, location: 2F
1-2: Ball
2-2: Strikes out looking
Top of the 3rd over - 3 run(s), 3 hit(s), 0 error(s), 2 left on base; Vermont 6 - Augusta 1
BOTTOM OF THE 3RD
Augusta Timber Hawks batting - Pitching for Vermont Lake Monsters : RHP Fernando Ruíz
Batting: RHB Danny Penn 0-0: Fly out, F8 (Flyball, 8LM)
Batting: LHB Eugene Lawrence 0-0: Ball
1-0: Foul Ball, location: 2F
1-1: Foul Ball, location: 2F
1-2: SINGLE (Flyball, 78M)
Batting: RHB Bob Sargent 0-0: Called Strike
Eugene Lawrence is caught stealing 2nd base
0-1: Ball
1-1: Ball
2-1: Fly out, F7 (Flyball, 7M)
Bottom of the 3rd over - 0 run(s), 1 hit(s), 0 error(s), 0 left on base; Vermont 6 - Augusta 1
TOP OF THE 4TH
Vermont Lake Monsters batting - Pitching for Augusta Timber Hawks : RHP Jimmy Whittier
Batting: SHB Carlos Rodríguez 0-0: Ball
1-0: Foul Ball, location: 2F
1-1: Foul Ball, location: 2F
1-2: Fly out, F9 (Flyball, 9D)
Batting: RHB Fred Meyer 0-0: Foul Ball, location: 2F
0-1: Ball
1-1: Ground out 6-3 (Groundball, 6)
Batting: RHB Dale Carney 0-0: Foul Ball, location: 2F
0-1: Ball
1-1: Ball
2-1: Swinging Strike
2-2: Ball
3-2: Strikes out swinging
Top of the 4th over - 0 run(s), 0 hit(s), 0 error(s), 0 left on base; Vermont 6 - Augusta 1
BOTTOM OF THE 4TH
Augusta Timber Hawks batting - Pitching for Vermont Lake Monsters : RHP Fernando Ruíz
Batting: LHB Alberto Torres 0-0: DOUBLE (Flyball, 9LS)
Batting: RHB Tracy Parker 0-0: DOUBLE (Line Drive, 7LS)
Alberto Torres scores
Batting: RHB Thomas Vaughan 0-0: Ball
1-0: Called Strike
1-1: Ball
2-1: Ground out 5-3 (Groundball, 6)
Tracy Parker to third
Batting: RHB Hiwahikeiki Noelani 0-0: Ball
1-0: Called Strike
1-1: Ball
2-1: Foul Ball, location: 2F
2-2: Ball
3-2: Strikes out swinging
Batting: RHB Michael Taylor 0-0: Called Strike
0-1: Reached on error, E6 (Groundball, 6M)
Tracy Parker scores
Batting: RHB Claudio Mendoza 0-0: Ball
1-0: Swinging Strike
1-1: SINGLE (Groundball, 56D)
Michael Taylor to third
Runner from 3rd tries for Home, SAFE, throw made home
Claudio Mendoza to second
Batting: RHB Danny Penn 0-0: Called Strike
0-1: Fly out, F8 (Line Drive, 8LD)
Bottom of the 4th over - 3 run(s), 3 hit(s), 1 error(s), 1 left on base; Vermont 6 - Augusta 4
TOP OF THE 5TH
Vermont Lake Monsters batting - Pitching for Augusta Timber Hawks : RHP Jimmy Whittier
Batting: RHB Jason Ruffin 0-0: Called Strike
0-1: Ball
1-1: Fly out, F9 (Flyball, 9LMF)
Batting: RHB Carlos Padilla 0-0: Foul Ball, location: 2F
0-1: Ground out 6-3 (Groundball, 6M)
Batting: LHB Dave Burns 0-0: Called Strike
0-1: Foul Ball, location: 2F
0-2: Ball
1-2: DOUBLE (Line Drive, 89S)
Batting: RHB John Howell 0-0: Ball
1-0: Ball
2-0: Called Strike
2-1: Foul Ball, location: 2F
2-2: Ball
3-2: Strikes out looking
Top of the 5th over - 0 run(s), 1 hit(s), 0 error(s), 1 left on base; Vermont 6 - Augusta 4
BOTTOM OF THE 5TH
Augusta Timber Hawks batting - Pitching for Vermont Lake Monsters : RHP Fernando Ruíz
Batting: LHB Eugene Lawrence 0-0: Ball
1-0: Foul Ball, location: 2F
1-1: Ball
2-1: Foul Ball, location: 2F
2-2: Ball
3-2: Foul Ball, location: 2F
3-2: Base on Balls
Batting: RHB Bob Sargent 0-0: Called Strike
0-1: Ball
1-1: Swinging Strike
1-2: Strikes out swinging
Batting: LHB Alberto Torres 0-0: Foul Ball, location: 2F
0-1: Ball
1-1: Foul Ball, location: 2F
1-2: Foul Ball, location: 2F
1-2: Ball
2-2: Foul Ball, location: 2F
2-2: Fly out, F9 (Flyball, 89D)
Runner from 1st tags up, SAFE at 2nd
Batting: RHB Tracy Parker 0-0: Called Strike
0-1: Called Strike
0-2: Ball
Wild Pitch!
Eugene Lawrence to third
1-2: Ball
2-2: Foul Ball, location: 2F
2-2: Ball
3-2: Foul Ball, location: 2F
3-2: Foul Ball, location: 2F
3-2: Fly out, F7 (Flyball, 7LD)
Bottom of the 5th over - 0 run(s), 0 hit(s), 0 error(s), 1 left on base; Vermont 6 - Augusta 4
TOP OF THE 6TH
Vermont Lake Monsters batting - Pitching for Augusta Timber Hawks : RHP Jimmy Whittier
Batting: RHB Pat Ings 0-0: Ball
1-0: Ground out 6-3 (Groundball, 6)
Batting: RHB Tomás Gonzáles 0-0: Ball
1-0: Ball
2-0: Foul Ball, location: 2F
2-1: Called Strike
2-2: Foul Ball, location: 2F
2-2: Ball
3-2: Base on Balls
Batting: SHB Carlos Rodríguez 0-0: Ball
1-0: Called Strike
1-1: Ball
2-1: Called Strike
2-2: Ball
3-2: Strikes out swinging
Tomás Gonzáles steals 2nd base
Batter strikes out.
Pitching: RHP Tom Sosa
Batting: RHB Fred Meyer 0-0: Foul Ball, location: 2F
0-1: Swinging Strike
0-2: Fly out, F9 (Flyball, 9S)
Top of the 6th over - 0 run(s), 0 hit(s), 0 error(s), 1 left on base; Vermont 6 - Augusta 4
BOTTOM OF THE 6TH
Augusta Timber Hawks batting - Pitching for Vermont Lake Monsters : RHP Fernando Ruíz
Batting: RHB Thomas Vaughan 0-0: Foul Ball, location: 2F
0-1: Ball
1-1: Ball
2-1: Ball
3-1: Fly out, F6 (Popup, 6)
Batting: RHB Hiwahikeiki Noelani 0-0: Ball
1-0: Ball
2-0: Called Strike
2-1: Foul Ball, location: 2F
2-2: SINGLE (Groundball, 6D)
Batting: RHB Michael Taylor 0-0: Ball
1-0: Called Strike
1-1: Ball
2-1: Called Strike
2-2: Ball
3-2: Foul Ball, location: 2F
3-2: Strikes out swinging
Batting: RHB Claudio Mendoza 0-0: Swinging Strike
0-1: Foul Ball, location: 2F
0-2: Ball
1-2: Foul Ball, location: 2F
1-2: Fly out, F3 (Popup, 3F)
Bottom of the 6th over - 0 run(s), 1 hit(s), 0 error(s), 1 left on base; Vermont 6 - Augusta 4
TOP OF THE 7TH
Vermont Lake Monsters batting - Pitching for Augusta Timber Hawks : RHP Tom Sosa
Batting: RHB Dale Carney 0-0: Foul Ball, location: 2F
0-1: Foul Ball, location: 2F
0-2: Ball
1-2: Strikes out swinging
Batting: RHB Jason Ruffin 0-0: Called Strike
0-1: Foul Ball, location: 2F
0-2: Ball
1-2: Strikes out looking
Batting: RHB Carlos Padilla 0-0: Fly out, F2 (Popup, 2R)
Top of the 7th over - 0 run(s), 0 hit(s), 0 error(s), 0 left on base; Vermont 6 - Augusta 4
BOTTOM OF THE 7TH
Augusta Timber Hawks batting - Pitching for Vermont Lake Monsters : RHP Fernando Ruíz
Batting: RHB Danny Penn 0-0: Ball
1-0: Ball
2-0: Called Strike
2-1: Called Strike
2-2: Foul Ball, location: 2F
2-2: Reached on error, E5 (Groundball, 5S)
Batting: LHB Eugene Lawrence 0-0: Ball
1-0: Ball
2-0: Bunted foul
2-1: Bunted foul
2-2: Fly out, F8 (Flyball, 8LM)
Pitching: RHP John Boyle
Batting: RHB Bob Sargent 0-0: Called Strike
0-1: Called Strike
0-2: Ball
Danny Penn steals 2nd base
1-2: Ball
2-2: Foul Ball, location: 2F
2-2: SINGLE (Groundball, 4MD)
Danny Penn to third
Runner from 3rd tries for Home, SAFE, throw made home
Batting: LHB Alberto Torres 0-0: Swinging Strike
0-1: SINGLE (Flyball, 7LS)
Bob Sargent to second
Batting: RHB Tracy Parker 0-0: Foul Ball, location: 2F
0-1: Ball
1-1: Ball
2-1: Ball
3-1: Base on Balls
Bob Sargent to third
Alberto Torres to second
Batting: RHB Thomas Vaughan 0-0: Ball
1-0: Ball
2-0: Called Strike
2-1: Called Strike
2-2: Foul Ball, location: 2F
2-2: Foul Ball, location: 2F
2-2: Fly out, F9 (Flyball, 9LM)
Runner from 3rd tags up, OUT at HOME
Bottom of the 7th over - 1 run(s), 2 hit(s), 1 error(s), 2 left on base; Vermont 6 - Augusta 5
TOP OF THE 8TH
Vermont Lake Monsters batting - Pitching for Augusta Timber Hawks : RHP Tom Sosa
Batting: LHB Dave Burns 0-0: Ball
1-0: Ground out 4-3 (Groundball, 4)
Batting: RHB John Howell 0-0: Foul Ball, location: 2F
0-1: Called Strike
0-2: SINGLE (Line Drive, 7S)
Pinch Hitting: LHB Michael Smith 0-0: Called Strike
0-1: Ball
1-1: Ball
2-1: Ball
3-1: Fly out, F7 (Flyball, 7M)
Batting: RHB Tomás Gonzáles 0-0: Called Strike
John Howell is caught stealing 2nd base
Top of the 8th over - 0 run(s), 1 hit(s), 0 error(s), 0 left on base; Vermont 6 - Augusta 5
BOTTOM OF THE 8TH
Augusta Timber Hawks batting - Pitching for Vermont Lake Monsters : RHP John Boyle
Pitching: RHP Roderick Draper
Now in CF: Tim Hill
Batting: RHB Hiwahikeiki Noelani 0-0: Ball
1-0: Ball
2-0: Called Strike
2-1: Ball
3-1: SINGLE (Line Drive, 34)
Batting: RHB Michael Taylor
Pinch Hitting: SHB Jason Alexander 0-0: Sac Bunt - play at first, batter OUT! 1-4
Hiwahikeiki Noelani to second
Batting: RHB Claudio Mendoza 0-0: Hit by Pitch
Pinch Hitting: RHB Eric Randolph 0-0: Ball
1-0: 3-RUN HOME RUN (Flyball, 9LD), Distance : 355 ft
Pitching: RHP Josh Parker
Batting: LHB Eugene Lawrence 0-0: Called Strike
0-1: Ball
1-1: Ball
2-1: Foul Ball, location: 2F
2-2: Ball
3-2: Base on Balls
Batting: RHB Bob Sargent 0-0: Ball
1-0: DOUBLE (Line Drive, 78D)
Eugene Lawrence to third
Runner from 3rd tries for Home, throw and OUT!
Batting: LHB Alberto Torres 0-0: Ball
1-0: Foul Ball, location: 2F
1-1: Fly out, F7 (Flyball, 7M)
Bottom of the 8th over - 3 run(s), 3 hit(s), 0 error(s), 1 left on base; Vermont 6 - Augusta 8
TOP OF THE 9TH
Vermont Lake Monsters batting - Pitching for Augusta Timber Hawks : RHP Tom Sosa
Pitching: RHP Francisco Valdés
Now at 3B: Lawrence Franklin
Now in RF: Ron Bunch
Batting: RHB Tomás Gonzáles 0-0: Ball
1-0: Ball
2-0: Ball
3-0: Base on Balls
Batting: SHB Carlos Rodríguez 0-0: Ball
1-0: Foul Ball, location: 2F
1-1: Foul Ball, location: 2F
1-2: Ball
2-2: Foul Ball, location: 2F
2-2: Ball
3-2: Foul Ball, location: 2F
3-2: Fly out, F7 (Flyball, 78S)
3-2: Fly out, F7 (Flyball, 78S)
Batting: RHB Fred Meyer 0-0: Ball
1-0: Fly out, F8 (Line Drive, 8RS)
Batting: RHB Dale Carney 0-0: Ball
1-0: Ball
2-0: Called Strike
2-1: Swinging Strike
2-2: Ball
3-2: SINGLE (Flyball, 8LS)
Tomás Gonzáles to second
Tomás Gonzáles to third
Batting: RHB Jason Ruffin 0-0: Called Strike
0-1: Swinging Strike
0-2: Foul Ball, location: 2F
0-2: Ball
1-2: Foul Ball, location: 2F
1-2: Strikes out looking
Top of the 9th over - 0 run(s), 1 hit(s), 0 error(s), 2 left on base; Vermont 6 - Augusta 8
This league is powered by Out of the Park Baseball, the baseball management simulation game for PC, Mac and Linux
Friday, January 22nd, 2016 - OOTP Baseball 16.9 Build 39